 Dungeon Crawl Stone Soup version 0.29.0-4-gdea44cf6ec (webtiles) character file.

Game seed: 3196286122278185141

108 qw the Chopper (level 4, -3/26 HPs)
             Began as a Tengu Warper on Aug 29, 2022.
             Killed by divine providence
             ... invoked by an orc priest
              (14 damage)
             ... on level 3 of the Dungeon.
             The game lasted 00:00:13 (2673 turns).

qw the Chopper (Tengu Warper)                       Turns: 2673, Time: 00:00:13

Health: -3/26      AC:  8    Str: 13    XL:     4   Next: 87%
Magic:  8/8        EV:  6    Int: 13    God:
Gold:   34         SH:  0    Dex: 14    Spells: 7/7 levels left

rFire   . . .      SeeInvis .   Y - +0 hand axe
rCold   . . .      Faith    .   (no shield)
rNeg    + . .      Spirit   .   e - +0 chain mail
rPois   .          Reflect  .   (helmet restricted)
rElec   .          Harm     .   (no cloak)
rCorr   .          Rampage  .   (no gloves)
Will    +....                   (boots unavailable)
Stlth   ..........              (no amulet)
HPRegen 0.08/turn               d - ring of positive energy
MPRegen 0.11/turn               g - ring of willpower

@: no status effects
A: beak, talons 3
a: no special abilities


You were on level 3 of the Dungeon.
You visited 1 branch of the dungeon, and saw 3 of its levels.

You collected 79 gold pieces.
You spent 45 gold pieces at shops.


Innate Abilities, Weirdness & Mutations

You have a beak for a mouth.
You have claws for feet.


   Skills:
 - Level 2.0 Fighting
 + Level 5.4 Axes
 - Level 1.0 Throwing
 - Level 1.1 Armour
 - Level 2.1 Dodging
 - Level 2.0 Spellcasting
 - Level 2.4 Translocations


You had 7 spell levels left.
You didn't know any spells.
Your spell library contained the following spells:

 Spells                   Type           Power      Damage    Failure   Level
 Blink                    Tloc           14%        N/A       99%         2
 Gell's Gravitas          Tloc           7%         N/A       100%        3
 Lesser Beckoning         Tloc           7%         N/A       100%        3
 Teleport Other           Tloc           7%         N/A       100%        3
 Manifold Assault         Tloc           7%         N/A       100%        5

Inventory:

Hand Weapons
 n - a +1 mace of holy wrath
 Y - a +0 hand axe (weapon)
Armour
 e - a +0 chain mail (worn)
Jewellery
 d - a ring of positive energy (left hand)
 g - a ring of willpower (right hand)
Scrolls
 l - 3 scrolls of identify
Potions
 f - 2 potions of curing

Dungeon Overview and Level Annotations

Branches:
Dungeon (3/15)

Altars:
Xom

Shops:
D:2 [


Message History

You completely miss the endoplasm. You claw the endoplasm.
The endoplasm is lightly wounded.
The endoplasm hits you but does no damage.
You hit the endoplasm. Your kick misses the endoplasm.
The endoplasm is severely wounded.
The endoplasm hits you but does no damage.
You hit the endoplasm.
You kill the endoplasm!
You barely miss the quokka zombie. Your kick misses the quokka zombie.
You peck the quokka zombie.
The quokka zombie is heavily damaged.
The quokka zombie bites you but does no damage.
You slash the quokka zombie!
You destroy the quokka zombie!
You start resting.
HP restored.
An orc priest comes into view. It is wielding a +0 mace.
The orc priest shouts!
You hear a shout! x2
Enter note: A rat comes into view.
An orc comes into view. It is wielding a +0 mace.
An orc comes into view. It is wielding a +0 dagger.
The orc shouts!
You hear a shout!
The orc priest hits you with a +0 mace!
An orc priest comes into view. It is wielding a +0 whip.
You barely miss the orc priest.
The orc priest shouts!
You claw the orc priest.
The orc priest is lightly wounded.
A kobold comes into view. It is wielding a +0 whip.
The orc priest hits you with a +0 mace!
You hit the orc priest. You claw the orc priest.
The orc priest is moderately wounded.
You closely miss the rat. The rat barely misses you.
The orc priest hits you but does no damage.
The orc priest calls down the wrath of Beogh upon you.
Beogh smites you!
Ouch! That really hurt!
You die...

#..#######..¤¤
#..## ##¤~~
#...#######.~~
#..#........~~
######...######..~~
###........## ##.~.
............# #.~.
.K.###.####.#..#
#...
.o.o.oo@....#..#
####
.##...r........# #.
....####.####..# #.
##. #.# #..# #.
#.####..###### #.
.............# #.
..###...####.# #.
#... #...####.###.
#............


You could see 2 orc priests, 2 orcs, a kobold and a rat.

Vanquished Creatures
  6 adders
  A worm (D:2)
  3 dart slugs
  3 endoplasms
  5 giant cockroaches
  6 goblins
  5 hobgoblins
  4 jackals (D:2)
  A kobold (D:1)
  3 ball pythons
  A bat (D:2)
  3 frilled lizards
  A quokka zombie (D:3)
  2 rats (D:2)
44 creatures vanquished.

Vanquished Creatures (others)
  8 plants (D:2)
  A withered plant (D:3)
9 creatures vanquished.

Grand Total: 53 creatures vanquished

Notes
Turn   | Place    | Note
-------+----------+-------------------------------------------
     0 | D:1      | qw the Tengu Warper began the quest for the Orb.
     0 | D:1      | Reached XP level 1. HP: 12/12 MP: 4/4
     0 | D:1      | 0 ||| qw: Version: 0.1-a-89-g26bdef1
     0 | D:1      | 0 ||| qw: Game counter: 3567
     0 | D:1      | 0 ||| qw: Always use a shield: true
     0 | D:1      | 0 ||| qw: God list: Okawaru
     0 | D:1      | 0 ||| qw: Allow faded altars: false
     0 | D:1      | 0 ||| qw: Do Orc after D:15 true
     0 | D:1      | 0 ||| qw: Do second Lair branch before Depths: true
     0 | D:1      | 0 ||| qw: Lair rune preference: random
     0 | D:1      | 0 ||| qw: Plans: Normal
     0 | D:1      | 0 ||| PLANNING D:1-11
   364 | D:1      | Found a faded altar of an unknown god.
   426 | D:1      | 426 ||| Stepping ~*~*~tactically~*~*~ (stealth).
   432 | D:1      | Reached XP level 2. HP: 14/17 MP: 6/6
   434 | D:1      | Reached skill level 3 in Axes
   500 | D:1      | 500 ||| Stepping ~*~*~tactically~*~*~ (hiding).
   767 | D:1      | 767 ||| DROPPING +0 whip.
  1099 | D:1      | 1099 ||| UPGRADING to +0 scale mail.
  1109 | D:1      | 1109 ||| DROPPING +0 leather armour.
  1110 | D:1      | 1110 ||| READING scroll labelled XYGORY HIUTTILL.
  1111 | D:1      | 1111 ||| READING scroll labelled HOUQU ADUARCH.
  1112 | D:1      | 1112 ||| READING scroll labelled ORUXKO CEWNELA.
  1115 | D:1      | 1115 ||| READING scroll labelled JUUSTR BIEBUSKAG.
  1116 | D:1      | 1116 ||| READING scroll labelled NEEBLA UPYNK.
  1117 | D:1      | 1117 ||| READING 2 scrolls labelled JURAEF YL FIKK.
  1118 | D:1      | 1118 ||| DRINKING 4 silvery potions.
  1119 | D:1      | 1119 ||| DROPPING scroll of blinking.
  1120 | D:1      | 1120 ||| Stepping randomly (stuck).
  1121 | D:1      | 1121 ||| Stepping ~*~*~tactically~*~*~ (cloud).
  1121 | D:1      | HP: 4/17 [poisoned by you (poison gas)]
  1122 | D:1      | 1122 ||| DRINKING 3 potions of curing.
  1122 | D:1      | 1122 ||| (to cure poison)
  1509 | D:2      | Reached XP level 3. HP: 21/21 MP: 7/7
  1682 | D:2      | Reached skill level 4 in Axes
  1718 | D:2      | 1718 ||| Stepping ~*~*~tactically~*~*~ (stealth).
  1722 | D:2      | 1722 ||| Stepping ~*~*~tactically~*~*~ (stealth).
  1999 | D:2      | 1999 ||| Stepping ~*~*~tactically~*~*~ (stealth).
  2002 | D:2      | Reached XP level 4. HP: 18/26 MP: 8/8
  2013 | D:2      | 2013 ||| Stepping ~*~*~tactically~*~*~ (stealth).
  2247 | D:2      | Found Nupekec's Armour Shop.
  2256 | D:2      | 2256 ||| BUYING +0 chain mail (45 gold).
  2256 | D:2      | Bought a +0 chain mail for 45 gold pieces
  2256 | D:2      | 2256 ||| SHOPLISTING +0 cloak of preservation (115 gold,
                  | have 15).
  2267 | D:2      | 2267 ||| Stepping ~*~*~tactically~*~*~ (stealth).
  2268 | D:2      | 2268 ||| Stepping ~*~*~tactically~*~*~ (stealth).
  2303 | D:2      | 2303 ||| UPGRADING to +0 chain mail.
  2313 | D:2      | 2313 ||| DROPPING +0 scale mail.
  2314 | D:2      | 2314 ||| DROPPING ring of magical power.
  2315 | D:2      | 2315 ||| UPGRADING to ring of positive energy.
  2316 | D:2      | 2316 ||| UPGRADING to ring of willpower.
  2317 | D:2      | 2317 ||| READING scroll labelled ITAJEN HUHIY.
  2318 | D:2      | 2318 ||| READING 2 scrolls labelled YROLEO FALA.
  2319 | D:2      | 2319 ||| DRINKING 2 sedimented red potions.
  2423 | D:2      | 2423 ||| DROPPING scroll of vulnerability.
  2424 | D:2      | 2424 ||| DROPPING potion of berserk rage.
  2453 | D:3      | Found a shimmering altar of Xom.
  2455 | D:3      | 2455 ||| STAIRDANCE
  2461 | D:2      | Reached skill level 5 in Axes
  2476 | D:3      | 2476 ||| Stepping ~*~*~tactically~*~*~ (hiding).
  2532 | D:3      | 2532 ||| Stepping ~*~*~tactically~*~*~ (stealth).
  2534 | D:3      | 2534 ||| Stepping ~*~*~tactically~*~*~ (stealth).
  2673 | D:3      | Killed from afar by an orc priest

Levels and vault maps discovered:
D:1:      dpeg_arrival_three_same_balls, layout_loops_ring,
          basic_ecumenical_altar
D:2:      layout_basic, serial_shops,
          nicolae_shop_temple_entry_statues_fountains, serial_forest,
          infiniplex_forest_lined_corner, infiniplex_forest_clump_small,
          infiniplex_forest_zigzag_1, infiniplex_forest_clump_tiny,
          infiniplex_forest_straight_3, infiniplex_forest_clump_cross
D:3:      layout_loops_ring, okawaru_ov_weapons_minmay, slow_altar_2,
          mainiacjoe_overflow_catwalk, mainiacjoe_overflow_alcove_4,
          serial_undead, serial_undead_b, serial_undead_c, serial_undead_c,
          serial_undead_d, minmay_strange_pillars

Skill      XL: |  1  2  3  4 |
---------------+-------------+-----
Axes           | 3 4 5 |  5.4
Fighting       | |  2.0
Throwing       | |  1.0
Armour         | |  1.1
Dodging        | |  2.1
Spellcasting   | |  2.0
Translocations | |  2.4

Action                   |  1- 3 |  4- 6 || total
-------------------------+-------+-------++-------
Melee: Hand axe          |    81 |    40 ||   121
       Kick              |    28 |    13 ||    41
       Peck              |    10 |     7 ||    17
Throw: Boomerang         |     7 |       ||     7
  Use: Scroll            |     6 |     2 ||     8
       Potion            |     2 |     1 ||     3
Armor: Leather armour    |     6 |       ||     6
       Scale mail        |    18 |     5 ||    23
       Chain mail        |       |    19 ||    19
Dodge: Dodged            |    31 |     9 ||    40

Table legend:
 A = Non-vault XP
 B = Vault XP
 C = Vault XP percentage of total XP
 D = Non-vault monster count
 E = Vault monster count
 F = Vault count percentage of total count
                 A         B        C        D         E       F
            +---------+---------+-------+---------+---------+-------
      Total |     154 |       1 |   0.6 |      43 |       1 |   2.3
            +---------+---------+-------+---------+---------+-------
        D:1 |      26 |       0 |   0.0 |      12 |       0 |   0.0
        D:2 |      93 |       0 |   0.0 |      26 |       0 |   0.0
        D:3 |      35 |       1 |   2.8 |       5 |       1 |  16.7
            +---------+---------+-------+---------+---------+-------
